 Dungeon Crawl Stone Soup version 0.27.1-2-g3b301248ec (webtiles) character file.

Game seed: 9656068666260809204

13335 MisterFreud the Protected (level 12, 0/81 HPs)
             Began as a Gnoll Wanderer on Sept 26, 2021.
             Was a High Priest of Hepliaklqana.
             Splashed by Nessos's acid (5 damage)
             ... on level 12 of the Dungeon.
             The game lasted 00:27:34 (15637 turns).

MisterFreud the Protected (Gnoll Wanderer)         Turns: 15637, Time: 00:27:35

Health: 0/81       AC: 19    Str: 15    XL:     12   Next: 4%
Magic:  16/24      EV:  8    Int: 22    God:    Hepliaklqana [*****.]
Gold:   577        SH:  5    Dex:  9    Spells: 12/28 levels left

rFire    . . .     SeeInvis .   r - +5 broad axe (elec)
rCold    + . .     Faith    .   M - +0 buckler
rNeg     . . .     Spirit   .   N - +0 chain mail
rPois    .         Reflect  .   R - +0 helmet
rElec    +         Harm     .   K - +2 cloak {Will+}
rCorr    +         Rampage  .   T - +0 pair of gloves
Will     +....                  x - +0 pair of boots
Stlth    ..........             (no amulet)
HPRegen  0.23/turn              E - ring "Leosmocva" {rElec rC+ rCorr}
MPRegen  0.19/turn              J - +6 ring of intelligence

@: very slightly contaminated, slowed, very slow
A: reduced essence, fangs 1, strong nose, distributed training
a: Renounce Religion, Recall Ancestor, Ancestor Identity, Transference, Idealise


You were on level 12 of the Dungeon.
You worshipped Hepliaklqana.
Hepliaklqana was extremely pleased with you.
You visited 1 branch of the dungeon, and saw 12 of its levels.

You collected 717 gold pieces.
You spent 140 gold pieces at shops.

Inventory:

Hand Weapons
 a - a +0 mace
 e - a +0 dagger
 f - a +1 dagger of protection
 q - a +2 short sword of draining
 r - a +5 broad axe of electrocution (weapon)
Missiles
 d - 14 boomerangs
 j - 5 throwing nets
 u - a curare-tipped dart
 G - 30 poisoned darts
 L - 5 javelins
Armour
 c - a +0 robe
 x - a +0 pair of boots (worn)
 K - a +2 cloak of willpower (worn)
 M - a +0 buckler (worn)
 N - a +0 chain mail (worn)
 R - a +0 helmet (worn)
 T - a +0 pair of gloves (worn)
Jewellery
 C - a ring of fire
 D - a ring of ice
 E - the ring "Leosmocva" (left hand) {rElec rC+ rCorr}
   (You found it on level 5 of the Dungeon)

   [ring of resist corrosion]

   rC:        It protects you from cold.
   rElec:     It insulates you from electricity.
   rCorr:     It protects you from acid and corrosion.
 J - a +6 ring of intelligence (right hand)
Wands
 y - a wand of flame (31)
 z - a wand of digging (3)
 H - a wand of iceblast (15)
 O - a wand of acid (10)
Scrolls
 g - a scroll of immolation {unknown}
 i - a scroll of brand weapon {unknown}
 l - a scroll of summoning
 m - 2 scrolls of amnesia
 n - 3 scrolls of teleportation
 o - 2 scrolls of holy word
 s - a scroll of acquirement {unknown}
 t - a scroll of silence
 v - a scroll of magic mapping {unknown}
 A - a scroll of vulnerability {unknown}
 F - a scroll of fear
 I - 3 scrolls of blinking
 P - a scroll of fog
 Q - a scroll of enchant armour {unknown}
 S - a scroll of torment {unknown}
Potions
 b - 2 potions of curing
 h - 2 potions of lignification
 p - a potion of resistance
 w - a potion of brilliance
 B - 3 potions of flight


   Skills:
 + Level 7.4 Fighting
 + Level 6.9 Short Blades
 + Level 6.9 Long Blades
 + Level 6.9 Axes
 + Level 6.9 Maces & Flails
 + Level 6.9 Polearms
 + Level 6.9 Staves
 + Level 6.9 Slings
 + Level 6.9 Bows
 + Level 6.9 Crossbows
 + Level 6.9 Throwing
 + Level 10.8 Armour
 + Level 6.9 Dodging
 + Level 6.9 Stealth
 + Level 8.3 Shields
 + Level 6.9 Unarmed Combat
 + Level 8.6 Spellcasting
 + Level 5.7 Conjurations
 + Level 5.7 Hexes
 + Level 5.7 Summonings
 + Level 5.7 Necromancy
 + Level 5.7 Translocations
 + Level 5.7 Transmutations
 + Level 5.7 Fire Magic
 + Level 5.7 Ice Magic
 + Level 6.1 Air Magic
 + Level 5.7 Earth Magic
 + Level 5.7 Poison Magic
 + Level 7.5 Invocations
 + Level 6.9 Evocations


You had 12 spell levels left.
You knew the following spells:

 Your Spells              Type           Power      Damage    Failure   Level
a - Shock                 Conj/Air       100%       1d9       7%          1
b - Summon Small Mammal   Summ           100%       N/A       8%          1
c - Apportation           Tloc           68%        N/A       8%          1
d - Blink                 Tloc           N/A        N/A       12%         2
e - Swiftness             Air            36%        N/A       21%         3
f - Ensorcelled Hibernat  Hex/Ice        68%        N/A       12%         2
g - Tukima's Dance        Hex            34%        N/A       24%         3
h - Frozen Ramparts       Ice            68%        1d8       24%         3

Your spell library contained the following spells:

 Spells                   Type           Power      Damage    Failure   Level
 Corona                   Hex            37%        N/A       8%          1
 Freeze                   Ice            100%       1d11      8%          1
 Static Discharge         Conj/Air       35%        N/A       11%         2
 Call Canine Familiar     Summ           34%        N/A       24%         3
 Portal Projectile        Hex/Tloc       68%        N/A       24%         3
 Summon Guardian Golem    Hex/Summ       34%        N/A       24%         3
 Airstrike                Air            18%        N/A       54%         4
 Hailstorm                Conj/Ice       34%        3d9       61%         4


Dungeon Overview and Level Annotations

Branches:
Dungeon (12/15)            Temple (0/1) D:4            Lair (0/6) D:8
    Orc (0/2) D:11

Altars:
Dithmenos
Hepliaklqana
Kikubaaqudgha
Makhleb
Nemelex Xobeh
Ru
Trog
Uskayaw
Xom
Yredelemnul
Zin
The Shining One

Shops:
D:2 *   D:8 (

Annotations:
D:6 1 runed translucent door, MisterFreud's ghost, novice FeBe
D:12 Nessos


Innate Abilities, Weirdness & Mutations

Your life essence is reduced to manifest your ancestor. (-10% HP)
You have very sharp teeth.
Your uncanny sense of smell can sniff out nearby items.
Your experience applies equally to all skills.


Message History

Nessos closely misses you.
Unknown command.
Unknown command.
Unknown command.
Unknown command.
Okay, then.
Unknown command.
Blink to where?
Press: ? - help, Dir - move target, p - Nessos
As you read the scroll of blinking, it crumbles to dust.
Nessos unwields a +0 quarterstaff.
Nessos wields a +1 longbow of flaming.
It bursts into flame!
Nessos shoots an arrow.
The arrow barely misses you.
Casting: Tukima's Dance (dangerous; 24% risk of failure)
Confirm with . or Enter, or press ? or * to list all spells.
Aiming: Tukima's Dance (dangerous; 24% risk of failure)
Press: ? - help, Shift-Dir - straight line, f - Nessos
Aim: Nessos, wielding a +1 longbow of flaming, wearing a +0 barding, quivering arrows and carrying a wand of acid (8) (translocational energy, chance to affect: 73%)
You miscast Tukima's Dance.
You are very lightly contaminated with residual magic.
The light around you dims momentarily.
Your magical effects are unravelling.
You feel as though you will be slow longer.
Nessos shoots an arrow.
The arrow closely misses you.
Casting: Tukima's Dance (dangerous; 24% risk of failure)
Confirm with . or Enter, or press ? or * to list all spells.
Aiming: Tukima's Dance (dangerous; 24% risk of failure)
Press: ? - help, Shift-Dir - straight line, f/p - Nessos
Aim: Nessos, wielding a +1 longbow of flaming, wearing a +0 barding, quivering arrows and carrying a wand of acid (8) (chance to affect: 73%)
The +1 longbow of flaming dances into the air!
Nessos zaps a wand.
The bolt of acid hits your +1 longbow of flaming!
Your +1 longbow of flaming is splashed with acid.
The acid corrodes your +1 longbow of flaming!
Your +1 longbow of flaming falls from the air.
Unknown command.
Unknown command.
Nessos zaps a wand.
The bolt of acid hits you! You resist.
* * * LOW HITPOINT WARNING * * *
You are splashed with acid.
You resist.
You die...

#.># #.# ##.#
#.# #.# #.# #.#
#.# #W# #.# #.#
#.# #W#
###.#######.#.#
#..@...c..WW..#
#.#.#######.###
# #.. .... ...#
∆ .#### ##.# #.
.. .. .# ## ##


You could see Nessos and a freezing wraith.

Vanquished Creatures
  A boulder beetle (D:12)
  A two-headed ogre (D:9)
  A death yak (D:8)
  A death knight (D:12)
  Pikel (D:4)
  A wizard (D:12)
  A kobold demonologist (D:11)
  6 yaks
  A basilisk (D:10)
  A wyvern (D:9)
  A steam dragon (D:8)
  4 vampire mosquitoes (D:11)
  An acid dragon (D:11)
  2 water moccasins
  4 orc warriors
  An ice beast (D:6)
  A sky beast (D:6)
  2 necrophages (D:6)
  5 centaurs
  A lemure (D:4)
  4 bullfrogs
  A wyvern zombie (D:6)
  A gnoll sergeant (D:9)
  A killer bee (D:8)
  6 howler monkeys
  3 wights (D:8)
  2 centaur zombies
  A bullfrog skeleton (D:5)
  9 orc priests
  Jessica (D:3)
  10 orc wizards
  2 iguanas
  Natasha (D:2)
  A killer bee zombie (D:9)
  6 gnolls
  6 adders
  A river rat (D:8)
  A shadow imp (D:7)
  A worm (D:3)
  2 dart slugs
  40 orcs
  3 ball pythons
  6 endoplasms
  A giant cockroach (D:1)
  5 goblins
  4 hobgoblins
  5 jackals
  3 quokkas
  6 bats
  4 frilled lizards
  11 kobolds
  11 rats
196 creatures vanquished.

Vanquished Creatures (collateral kills)
  Harold (D:9)
  A centaur warrior (D:9)
  A death yak (D:8)
  A centaur zombie (D:10)
  A komodo dragon (D:10)
  A kobold demonologist (D:11)
  A troll (D:10)
  Grinder (D:3)
  A steam dragon (D:8)
  A yak (D:10)
  2 vampire mosquitoes (D:11)
  A water moccasin (D:5)
  A sky beast (D:6)
  A black bear (D:5)
  2 necrophages (D:6)
  2 ice beasts (D:7)
  3 centaurs
  A kobold brigand (D:8)
  A bullfrog (D:9)
  A gnoll sergeant (D:8)
  A water moccasin skeleton (D:3)
  A wight (D:8)
  2 killer bees (D:8)
  An orc priest (D:8)
  2 jellies
  3 iguanas
  2 orc wizards (D:8)
  Natasha (D:2)
  A hell rat (D:8)
  A hound skeleton (D:4)
  5 gnolls
  A river rat (D:8)
  An adder skeleton (D:4)
  A worm (D:3)
  11 orcs
  3 ball pythons
  An endoplasm (D:4)
  A hobgoblin (D:1)
  2 jackals (D:2)
  A quokka (D:1)
  4 kobolds
  2 rats
73 creatures vanquished.

Vanquished Creatures (others)
  A wyvern (D:6)
  3 dancing weapons
  An ice beast (D:6)
  A black bear (D:6)
  A centaur (D:6)
  2 ogres (D:6)
  A scorpion (D:6)
  5 knights
  A shadow imp (D:6)
  15 plants
31 creatures vanquished.

Grand Total: 300 creatures vanquished

Notes
Turn   | Place    | Note
-------+----------+-------------------------------------------
     0 | D:1      | MisterFreud the Gnoll Wanderer began the quest for the Orb.
     0 | D:1      | MisterFreud set off with the following items: a +0 mace, a
                  | potion of curing, a +0 robe; and the following spell
                  | memorised: Shock; and the following spells available to
                  | memorise: Static Discharge, Swiftness, Airstrike
     0 | D:1      | Reached XP level 1. HP: 17/17 MP: 6/6
    58 | D:1      | Found a faded altar of an unknown god.
    83 | D:1      | Became a worshipper of Hepliaklqana the Forgotten
    83 | D:1      | Reached * piety under Hepliaklqana
   170 | D:1      | Learned a level 1 spell: Summon Small Mammal
   339 | D:1      | Reached XP level 2. HP: 20/20 MP: 4/7
   994 | D:1      | Reached XP level 3. HP: 25/25 MP: 2/9
  1115 | D:1      | Reached skill level 5 in Spellcasting
  1638 | D:2      | Noticed Natasha
  1646 | D:2      | Killed Natasha
  1647 | D:2      | Reached skill level 1 in Short Blades
  1647 | D:2      | Reached skill level 1 in Long Blades
  1647 | D:2      | Reached skill level 1 in Axes
  1647 | D:2      | Reached skill level 1 in Maces & Flails
  1647 | D:2      | Reached skill level 1 in Polearms
  1647 | D:2      | Reached skill level 1 in Staves
  1647 | D:2      | Reached skill level 1 in Slings
  1647 | D:2      | Reached skill level 1 in Bows
  1647 | D:2      | Reached skill level 1 in Crossbows
  1647 | D:2      | Reached skill level 1 in Throwing
  1647 | D:2      | Reached skill level 1 in Dodging
  1647 | D:2      | Reached skill level 1 in Stealth
  1647 | D:2      | Reached skill level 1 in Unarmed Combat
  1647 | D:2      | Reached skill level 1 in Invocations
  1647 | D:2      | Reached skill level 1 in Evocations
  1922 | D:2      | Reached ** piety under Hepliaklqana
  1923 | D:2      | Remembered your ancestor Gaius as a knight
  1972 | D:2      | Reached XP level 4. HP: 30/30 MP: 8/11
  2436 | D:2      | Found Luiges's Assorted Antiques.
  2510 | D:2      | Bought a scroll labelled WIMABU MUEPN for 20 gold pieces
  2510 | D:2      | Bought a scroll labelled LEHUNE BUCE for 20 gold pieces
  2691 | D:2      | Noticed Natasha
  2698 | D:2      | Killed Natasha
  2699 | D:2      | Reached skill level 1 in Conjurations
  2699 | D:2      | Reached skill level 1 in Hexes
  2699 | D:2      | Reached skill level 1 in Summonings
  2699 | D:2      | Reached skill level 1 in Necromancy
  2699 | D:2      | Reached skill level 1 in Translocations
  2699 | D:2      | Reached skill level 1 in Transmutations
  2699 | D:2      | Reached skill level 1 in Fire Magic
  2699 | D:2      | Reached skill level 1 in Ice Magic
  2699 | D:2      | Reached skill level 1 in Earth Magic
  2699 | D:2      | Reached skill level 1 in Poison Magic
  2841 | D:3      | Reached XP level 5. HP: 32/36 MP: 9/12
  2958 | D:3      | Found an ancient bone altar of Kikubaaqudgha.
  3083 | D:3      | Noticed Jessica
  3083 | D:3      | Noticed Grinder
  3086 | D:3      | Killed Jessica
  3100 | D:3      | Killed Grinder
  3101 | D:3      | Reached skill level 5 in Shields
  3101 | D:3      | Reached XP level 6. HP: 38/42 MP: 1/14
  3678 | D:3      | Noticed a moth of wrath
  3680 | D:3      | Found a bloodstained altar of Trog.
  3814 | D:4      | Found a staircase to the Ecumenical Temple.
  3940 | D:4      | Reached XP level 7. HP: 42/46 MP: 15/15
  4036 | D:4      | Reached *** piety under Hepliaklqana
  4082 | D:4      | Noticed Pikel
  4093 | D:4      | Killed Pikel
  4094 | D:4      | Reached skill level 9 in Armour
  4094 | D:4      | Reached XP level 8. HP: 54/54 MP: 7/16
  4169 | D:4      | Got the Reference Book on the Voyage
  4172 | D:4      | Learned a level 1 spell: Apportation
  4175 | D:4      | Learned a level 2 spell: Blink
  4179 | D:4      | Learned a level 3 spell: Swiftness
  4419 | D:5      | Entered Level 5 of the Dungeon
  4419 | D:5      | Found a hide-covered altar of Uskayaw.
  4652 | D:5      | Identified the ring "Leosmocva" {rElec rC+ rCorr}
  5553 | D:2      | Bought a worn iron wand for 80 gold pieces
  5553 | D:2      | Bought a scroll labelled WYOSEOFIEB for 20 gold pieces
  5971 | D:6      | Killed a wyvern
  6165 | D:6      | Reached **** piety under Hepliaklqana
  6228 | D:6      | Reached XP level 9. HP: 30/59 MP: 18/18
  6458 | D:6      | Found a shimmering altar of Xom.
  7203 | D:6      | Found a glowing silver altar of Zin.
  7241 | D:6      | Found a runed translucent door.
  7241 | D:6      | Found a shimmering altar of Xom.
  7241 | D:6      | Noticed MisterFreud's ghost (novice FeBe)
  7318 | D:6      | Found a burning altar of Makhleb.
  7318 | D:6      | Found a sparkling altar of Nemelex Xobeh.
  7438 | D:6      | Noticed a +5 scimitar of chaos
  7472 | D:7      | Reached skill level 5 in Fighting
  7521 | D:7      | Found a basalt altar of Yredelemnul.
  7552 | D:7      | Learned a level 2 spell: Ensorcelled Hibernation
  7558 | D:7      | Learned a level 3 spell: Tukima's Dance
  8154 | D:8      | Found Gutteyg's Weapon Emporium.
  8271 | D:8      | Reached skill level 5 in Invocations
  8796 | D:8      | Reached XP level 10. HP: 28/66 MP: 20/20
  8979 | D:8      | Found a sacrificial altar of Ru.
  9101 | D:8      | Found a hazy altar of Hepliaklqana.
  9359 | D:8      | Found a glowing golden altar of the Shining One.
  9461 | D:8      | Noticed a death yak
  9468 | D:8      | Noticed a death yak
  9471 | D:8      | Noticed a death yak
  9493 | D:8      | Killed a death yak
  9494 | D:8      | Reached skill level 5 in Short Blades
  9494 | D:8      | Reached skill level 5 in Long Blades
  9494 | D:8      | Reached skill level 5 in Axes
  9494 | D:8      | Reached skill level 5 in Maces & Flails
  9494 | D:8      | Reached skill level 5 in Polearms
  9494 | D:8      | Reached skill level 5 in Staves
  9494 | D:8      | Reached skill level 5 in Slings
  9494 | D:8      | Reached skill level 5 in Bows
  9494 | D:8      | Reached skill level 5 in Crossbows
  9494 | D:8      | Reached skill level 5 in Throwing
  9494 | D:8      | Reached skill level 5 in Dodging
  9494 | D:8      | Reached skill level 5 in Stealth
  9494 | D:8      | Reached skill level 5 in Unarmed Combat
  9494 | D:8      | Reached skill level 5 in Evocations
  9733 | D:7      | Learned a level 3 spell: Frozen Ramparts
 10123 | D:8      | Found a staircase to the Lair.
 10146 | D:8      | Reached skill level 10 in Armour
 10470 | D:8      | Reached ***** piety under Hepliaklqana
 10534 | D:8      | Killed a death yak
 10535 | D:8      | Reached skill level 5 in Air Magic
 10856 | D:9      | Noticed a two-headed ogre
 10867 | D:9      | Killed a two-headed ogre
 11384 | D:9      | Reached XP level 11. HP: 74/74 MP: 22/22
 11634 | D:9      | Noticed a centaur warrior
 11646 | D:9      | Killed a centaur warrior
 11830 | D:9      | Noticed Harold
 11845 | D:9      | Killed Harold
 11846 | D:9      | Reached skill level 5 in Conjurations
 11846 | D:9      | Reached skill level 5 in Hexes
 11846 | D:9      | Reached skill level 5 in Summonings
 11846 | D:9      | Reached skill level 5 in Necromancy
 11846 | D:9      | Reached skill level 5 in Translocations
 11846 | D:9      | Reached skill level 5 in Transmutations
 11846 | D:9      | Reached skill level 5 in Fire Magic
 11846 | D:9      | Reached skill level 5 in Ice Magic
 11846 | D:9      | Reached skill level 5 in Earth Magic
 11846 | D:9      | Reached skill level 5 in Poison Magic
 12279 | D:10     | Entered Level 10 of the Dungeon
 12788 | D:10     | Found a shadowy altar of Dithmenos.
 14070 | D:11     | Found a staircase to the Orcish Mines.
 15181 | D:12     | Noticed a boulder beetle
 15197 | D:12     | Killed a boulder beetle
 15600 | D:12     | Noticed a wizard
 15605 | D:12     | Noticed a death knight
 15607 | D:12     | Killed a wizard
 15613 | D:12     | Killed a death knight
 15614 | D:12     | Reached XP level 12. HP: 56/81 MP: 24/24
 15631 | D:12     | Noticed Nessos
 15637 | D:12     | Splashed by Nessos's acid

Illustrated notes

Levels and vault maps discovered:
D:1:      dpeg_arrival_prison, layout_basic, basic_ecumenical_altar,
          minmay_octomino_j4
D:2:      layout_loops_cross, serial_shops, nicolae_shop_overgrown_old_shop,
          uniq_natasha
D:3:      layout_loops_ring, lemuel_doored_altar, tgw_trog, serial_forest,
          infiniplex_forest_clump_double, infiniplex_forest_corner_1,
          infiniplex_forest_zigzag_1, infiniplex_forest_clump_C,
          infiniplex_forest_side_room, kennysheep_jessica_study, uniq_grinder
D:4:      layout_basic, minmay_temple_entry_slanted,
          chequers_serial_rivers_small_a, uniq_pikel
D:5:      layout_loops_ring, mainiacjoe_overflow_catwalk
D:6:      layout_basic, xom_confusion_cloud, gammafunk_temple_overflow_elements,
          mainiacjoe_overflow_surrounded_room, ebering_ghost_xom
D:7:      layout_rooms, kennysheep_mini
D:8:      layout_basic, lemuel_crystal_altar, nicolae_ru_the_path_less_chosen,
          nicolae_overflow_hidden_temple, dpeg_lair_monsters, serial_shops,
          nicolae_shop_crystal
D:9:      layout_stronghold, uniq_harold
D:10:     layout_long_grid, nicolae_dithmenos_through_a_glass_darkly,
          minmay_lizard_king
D:11:     layout_basic, hiddenorc2_lemuel
D:12:     layout_basic, enter_trove_6, uniq_nessos

Skill      XL: |  1  2  3  4  5  6  7  8  9 10 11 |
---------------+----------------------------------+-----
Air Magic      | 2 3 4 5 6 |  6.1
Spellcasting   | 5 6 7 8 |  8.6
Short Blades   | 1 2 3 4 5 6 |  6.9
Long Blades    | 1 2 3 4 5 6 |  6.9
Axes           | 1 2 3 4 5 6 |  6.9
Maces & Flails | 1 2 3 4 5 6 |  6.9
Polearms       | 1 2 3 4 5 6 |  6.9
Staves         | 1 2 3 4 5 6 |  6.9
Slings         | 1 2 3 4 5 6 |  6.9
Bows           | 1 2 3 4 5 6 |  6.9
Crossbows      | 1 2 3 4 5 6 |  6.9
Throwing       | 1 2 3 4 5 6 |  6.9
Dodging        | 1 2 3 4 5 6 |  6.9
Stealth        | 1 2 3 4 5 6 |  6.9
Unarmed Combat | 1 2 3 4 5 6 |  6.9
Invocations    | 1 2 3 4 5 6 7 |  7.5
Evocations     | 1 2 3 4 5 6 |  6.9
Conjurations   | 1 2 3 4 5 |  5.7
Hexes          | 1 2 3 4 5 |  5.7
Summonings     | 1 2 3 4 5 |  5.7
Necromancy     | 1 2 3 4 5 |  5.7
Translocations | 1 2 3 4 5 |  5.7
Transmutations | 1 2 3 4 5 |  5.7
Fire Magic     | 1 2 3 4 5 |  5.7
Ice Magic      | 1 2 3 4 5 |  5.7
Earth Magic    | 1 2 3 4 5 |  5.7
Poison Magic   | 1 2 3 4 5 |  5.7
Fighting       | 3 4 5 6 7 |  7.4
Shields        | 5 6 7 8 |  8.3
Armour         | 9 10 | 10.8

Action                   |  1- 3 |  4- 6 |  7- 9 | 10-12 || total
-------------------------+-------+-------+-------+-------++-------
Melee: Mace              |     6 |       |       |       ||     6
       Dagger            |     4 |     8 |       |     4 ||    16
       Bite              |       |     7 |     9 |    16 ||    32
       Short sword       |       |    21 |    66 |       ||    87
       Broad axe         |       |       |    30 |   206 ||   236
       Punch             |       |       |     1 |       ||     1
 Cast: Shock             |    60 |    87 |   125 |    39 ||   311
       Tukima's Dance    |       |       |     5 |    11 ||    16
       Ensorcelled Hiber |       |       |       |     5 ||     5
       Frozen Ramparts   |       |       |       |     1 ||     1
Invok: Ancestor Life: Kn |     1 |       |       |       ||     1
Evoke: Wand              |       |       |       |     4 ||     4
  Use: Scroll            |       |       |    13 |     7 ||    20
       Potion            |       |       |     2 |       ||     2
 Stab: Sleeping          |     1 |       |     5 |     5 ||    11
       Distracted        |       |       |       |     1 ||     1
Armor: Robe              |     1 |     9 |    33 |    27 ||    70
       Chain mail        |       |       |       |   108 ||   108
Dodge: Dodged            |     7 |    16 |   100 |   134 ||   257
Block: Buckler           |       |       |       |    55 ||    55
